[ AOE2 MATCH · #505277944 ]
UnrankedWei vs Berbers
Player's team · WIN
Rival team · LOSS
[ REPLAY ANALYSIS · EXTRACTED FROM THE RECORDED GAME ]
Feudal
8:34
Castle
—
Imperial
—
| APM avg | 38.3 |
| APM peak | 62 |
| eAPM avg | 14.3 |
| Villagers / military | 22 / 18 |
Focus
⚔️ 33.2% · 🌾 66.8%
Archer ×18
Feudal
—
Castle
—
Imperial
—
| APM avg | 46.9 |
| APM peak | 108 |
| eAPM avg | 21.7 |
| Villagers / military | 37 / 0 |
Focus
⚔️ 27.3% · 🌾 72.7%
Match map
Initial resources + every placement click. Lines = walls · curves = elevation contours. ◆ gold · ⬟ stone · ● berries · ✦ relic · ◌ wall gap
Your base· Open — unwalled flank
twitch: aoe2_billybadbeat's base· Open — unwalled flank
Smoothed initial terrain · ◌ = detected wall gap · hover for details
Inputs per minute
— Deimos - - twitch: aoe2_billybadbeat
Build order — Deimos
76 actions detected in the replay
| 0:00 | Queue | Villager (Male) |
| 0:02 | Build | House |
| 0:02 | Build | House |
| 0:19 | Queue | Villager (Male) |
| 0:19 | Queue | Villager (Male) |
| 0:20 | Queue | Villager (Male) |
| 1:25 | Queue | Villager (Male) |
| 2:02 | Queue | Villager (Male) |
| 2:05 | Build | Lumber Camp |
| 2:28 | Queue | Villager (Male) |
| 2:46 | Queue | Villager (Male) |
| 3:15 | Queue | Villager (Male) |
| 3:43 | Queue | Villager (Male) |
| 4:10 | Queue | Villager (Male) |
| 4:21 | Build | Mill |
| 4:34 | Queue | Villager (Male) |
| 4:58 | Queue | Villager (Male) |
| 5:24 | Queue | Villager (Male) |
| 5:46 | Research | Loom |
| 6:24 | Research | Feudal Age |
| 7:33 | Build | Palisade Wall |
| 7:39 | Build | Palisade Wall |
| 7:46 | Build | Lumber Camp |
| 8:24 | Queue | Villager (Male) |
| 8:34 | Age | Feudal Age |
| 8:35 | Research | Double-Bit Axe |
| 8:35 | Research | Double-Bit Axe |
| 8:58 | Queue | Villager (Male) |
| 9:24 | Build | Barracks |
| 9:25 | Queue | Villager (Male) |
| 9:34 | Build | House |
| 9:49 | Build | Palisade Wall |
| 9:51 | Build | Palisade Wall |
| 9:58 | Build | Palisade Wall |
| 9:59 | Build | Palisade Wall |
| 10:09 | Queue | Villager (Male) |
| 10:12 | Build | House |
| 10:15 | Build | Palisade Wall |
| 10:16 | Build | Palisade Wall |
| 10:28 | Queue | Villager (Male) |
| 10:40 | Build | Archery Range |
| 11:22 | Queue | Archer |
| 11:24 | Build | Mining Camp |
| 11:35 | Queue | Villager (Male) |
| 11:35 | Queue | Villager (Male) |
| 11:36 | Queue | Villager (Male) |
| 11:55 | Queue | Archer |
| 12:25 | Queue | Archer |
| 12:39 | Build | Blacksmith |
| 12:55 | Build | Palisade Wall |
| 13:00 | Build | Watch Tower |
| 13:08 | Queue | Archer |
| 13:15 | Research | Fletching |
| 13:46 | Queue | Archer |
| 13:46 | Queue | Archer |
| 13:47 | Queue | Archer |
| 13:49 | Build | House |
| 13:49 | Build | House |
| 13:50 | Build | House |
| 14:49 | Queue | Archer |
| 15:06 | Queue | Archer |
| 15:12 | Build | Lumber Camp |
| 15:38 | Queue | Archer |
| 15:38 | Queue | Archer |
| 16:47 | Build | Lumber Camp |
| 16:59 | Queue | Archer |
| 17:01 | Queue | Archer |
| 17:03 | Build | House |
| 17:19 | Queue | Archer |
| 17:19 | Queue | Archer |
| 18:02 | Build | Market |
| 18:05 | Build | House |
| 18:42 | Queue | Archer |
| 18:52 | Build | Archery Range |
| 19:29 | Queue | Archer |
| 19:29 | Queue | Archer |
Build order — twitch: aoe2_billybadbeat
70 actions detected in the replay
| 0:00 | Queue | Villager (Male) |
| 0:01 | Queue | Villager (Male) |
| 0:02 | Build | House |
| 0:04 | Build | House |
| 0:10 | Queue | Villager (Male) |
| 0:17 | Queue | Villager (Male) |
| 1:26 | Queue | Villager (Male) |
| 1:47 | Research | Loom |
| 2:02 | Build | Lumber Camp |
| 2:27 | Queue | Villager (Male) |
| 2:27 | Queue | Villager (Male) |
| 2:44 | Build | House |
| 3:27 | Queue | Villager (Male) |
| 3:33 | Queue | Villager (Male) |
| 4:11 | Queue | Villager (Male) |
| 4:53 | Queue | Villager (Male) |
| 5:22 | Queue | Villager (Male) |
| 5:27 | Build | House |
| 6:04 | Build | Palisade Wall |
| 6:23 | Queue | Villager (Male) |
| 6:54 | Queue | Villager (Male) |
| 7:03 | Build | House |
| 7:05 | Build | Palisade Wall |
| 7:14 | Queue | Villager (Male) |
| 7:34 | Build | House |
| 7:36 | Build | Palisade Wall |
| 7:38 | Build | Palisade Wall |
| 7:39 | Build | Palisade Wall |
| 7:46 | Queue | Villager (Male) |
| 7:46 | Queue | Villager (Male) |
| 8:08 | Queue | Villager (Male) |
| 8:24 | Queue | Villager (Male) |
| 8:31 | Build | Mill |
| 9:00 | Queue | Villager (Male) |
| 9:59 | Queue | Villager (Male) |
| 10:29 | Build | Town Center |
| 10:47 | Build | House |
| 11:10 | Queue | Villager (Male) |
| 11:26 | Queue | Villager (Male) |
| 11:32 | Queue | Villager (Male) |
| 11:39 | Queue | Villager (Male) |
| 11:48 | Build | Palisade Wall |
| 11:51 | Build | Palisade Wall |
| 11:53 | Build | Palisade Wall |
| 11:54 | Build | Palisade Wall |
| 12:02 | Queue | Villager (Male) |
| 12:08 | Build | House |
| 12:10 | Build | Palisade Wall |
| 12:19 | Build | Palisade Wall |
| 12:45 | Queue | Villager (Male) |
| 12:57 | Build | Palisade Wall |
| 13:02 | Queue | Villager (Male) |
| 14:04 | Build | Town Center |
| 15:01 | Queue | Villager (Male) |
| 15:12 | Queue | Villager (Male) |
| 15:30 | Build | House |
| 15:31 | Build | House |
| 15:40 | Build | Palisade Wall |
| 15:45 | Queue | Villager (Male) |
| 15:50 | Queue | Villager (Male) |
| 15:59 | Build | House |
| 16:02 | Build | Palisade Wall |
| 16:06 | Queue | Villager (Male) |
| 16:43 | Build | Palisade Wall |
| 16:45 | Queue | Villager (Male) |
| 16:52 | Queue | Villager (Male) |
| 17:46 | Queue | Villager (Male) |
| 18:20 | Build | Mining Camp |
| 18:30 | Queue | Villager (Male) |
| 18:35 | Build | Palisade Wall |
Match timeline
| 6:04 | twitch: aoe2_billybadbeat · wall_segment Palisade Wall x1 |
| 7:05 | twitch: aoe2_billybadbeat · wall_segment Palisade Wall x1 |
| 7:33 | Deimos · wall_segment Palisade Wall x1 |
| 7:36 | twitch: aoe2_billybadbeat · wall_segment Palisade Wall x1 |
| 7:38 | twitch: aoe2_billybadbeat · wall_segment Palisade Wall x1 |
| 7:39 | twitch: aoe2_billybadbeat · wall_segment Palisade Wall x1 |
| 7:39 | Deimos · wall_segment Palisade Wall x1 |
| 8:34 | Deimos · age_up feudal |
| 9:24 | Deimos · first_building Barracks |
| 9:49 | Deimos · wall_segment Palisade Wall x1 |
| 9:51 | Deimos · wall_segment Palisade Wall x1 |
| 9:58 | Deimos · wall_segment Palisade Wall x1 |
| 9:59 | Deimos · wall_segment Palisade Wall x1 |
| 10:15 | Deimos · wall_segment Palisade Wall x4 |
| 10:16 | Deimos · wall_segment Palisade Wall x2 |
| 10:40 | Deimos · first_building Archery Range |
| 11:48 | twitch: aoe2_billybadbeat · wall_segment Palisade Wall x1 |
| 11:51 | twitch: aoe2_billybadbeat · wall_segment Palisade Wall x1 |
| 11:53 | twitch: aoe2_billybadbeat · wall_segment Palisade Wall x1 |
| 11:54 | twitch: aoe2_billybadbeat · wall_segment Palisade Wall x1 |
| 12:10 | twitch: aoe2_billybadbeat · wall_segment Palisade Wall x7 |
| 12:19 | twitch: aoe2_billybadbeat · wall_segment Palisade Wall x1 |
| 12:55 | Deimos · wall_segment Palisade Wall x1 |
| 12:57 | twitch: aoe2_billybadbeat · wall_segment Palisade Wall x8 |
| 15:40 | twitch: aoe2_billybadbeat · wall_segment Palisade Wall x1 |
| 16:02 | twitch: aoe2_billybadbeat · wall_segment Palisade Wall x1 |
| 16:43 | twitch: aoe2_billybadbeat · wall_segment Palisade Wall x13 |
| 18:35 | twitch: aoe2_billybadbeat · wall_segment Palisade Wall x1 |
| 19:30 | twitch: aoe2_billybadbeat · resign |
[ AI ANALYSIS · 1 CREDIT ]
What really happened in this match?
Wolo.gg analyzes every decision: build order, eco, micro, common mistakes by bracket. Personalized analysis on WhatsApp or Discord in 30 seconds.
Civ guide
Wei
Perfil
Jugador #6231137